 Dungeon Crawl Stone Soup version 0.17.0 (webtiles) character file.

224 MDvedh the Chopper (level 5, 0/45 HPs)
             Began as a Minotaur Berserker on Nov 6, 2015.
             Was a Priest of Trog.
             Killed from afar by Sigmund (1 damage)
             ... with a puff of flame
             ... on level 4 of the Dungeon.
             The game lasted 00:03:51 (2977 turns).

MDvedh the Chopper (Minotaur Berserker)             Turns: 2977, Time: 00:03:51

Health: 0/45       AC:  7    Str: 21    XL:     5   Next: 67%
Magic:  4/4        EV: 11    Int:  4    God:    Trog [***...]
Gold:   172        SH:  0    Dex:  9    Spells: 0 memorised, 4 levels left

rFire  . . .     SeeInvis .     a - +0 hand axe
rCold  . . .     Clarity  .     l - +0 ring mail
rNeg   . . .     SustAt   .     (no shield)
rPois  .         Gourm    .     (helmet restricted)
rElec  .         Spirit   .     m - +1 cloak {MR+}
rCorr  .         Warding  .     (no gloves)
rMut   .         Stasis   .     (no boots)
MR     +....                    (no amulet)
Stlth  ++........               n - ring of stealth
                                c - -2 ring of dexterity (curse)

@: exhausted, slowed, very slow, somewhat resistant to hostile enchantments,
unstealthy
A: retaliatory headbutt, horns 2
a: Berserk, Trog's Hand, Burn Spellbooks, Renounce Religion


You were on level 4 of the Dungeon.
You worshipped Trog.
Trog was most pleased with you.
You were not hungry.

You visited 1 branch of the dungeon, and saw 4 of its levels.

You collected 172 gold pieces.

Inventory:

Hand Weapons
 a - a +0 hand axe (weapon)
Armour
 b - a +0 animal skin
 l - a +0 ring mail (worn)
 m - a +1 cloak of magic resistance (worn)
Jewellery
 c - a cursed -2 ring of dexterity (left hand)
 n - a ring of stealth (right hand)
Scrolls
 i - 3 scrolls of magic mapping
Potions
 d - a potion of haste {unknown}
 e - a potion of brilliance {unknown}
 g - 3 potions of flight {unknown}
 h - a potion of resistance {unknown}
 j - a potion of degeneration {unknown}
 k - 2 potions of heal wounds {unknown}
 r - a potion of curing {unknown}
Comestibles
 f - 2 meat rations
 q - a bread ration


   Skills:
 - Level 3.6 Fighting
 + Level 7.3 Axes
 - Level 2.4 Armour
 - Level 2.1 Dodging
 + Level 1.5 Stealth


You had 4 spell levels left.
You didn't know any spells.

Dungeon Overview and Level Annotations

Branches:
Dungeon (4/15)
 Temple: D:4-7

Altars:
Dithmenos
Ru
Sif Muna
Xom

Annotations:
D:4 Sigmund


Innate Abilities, Weirdness & Mutations

You reflexively headbutt those who attack you in melee.
You have a pair of horns on your head.


Message History

You feel yourself slow down.
You barely miss something. Something hits you but does no damage.
You miss something. Something hits you.
You closely miss something. You headbutt something!
You hear some strange, mumbled words.
A puff of flame appears from out of thin air!
The puff of flame hits you!
* * * LOW HITPOINT WARNING * * *
You hit something. You headbutt something.
You hear some strange, mumbled words.
A magic dart appears from out of thin air!
The magic dart hits you!
* * * LOW HITPOINT WARNING * * *
You barely miss something. Something hits you!
* * * LOW HITPOINT WARNING * * *
You miss something.
You hear some strange, mumbled words.
A puff of flame appears from out of thin air!
The puff of flame hits you!
You die...

#######..##...##.###.#...
.........................
####.##...#..........#..#
####.##..##...##[#####...
....................##...
####.##..#.............##
#.##..#..#.##.##.##.#
#..)..................
#..#)@#).#............
#...{.#..#..#.##.##..#
#.#...................
..........#...# #.##..#
###.##.........# #.# ..#
#. #.........# #.# .
...#..#. .# # #.......(


There were no monsters in sight!

Vanquished Creatures
  An orc wizard (D:4)
  Crazy Yiuf (D:2)
  A centaur skeleton (D:4)
  5 adders
  An adder skeleton (D:4)
  2 worms (D:3)
  3 giant geckos
  3 orcs
  A giant cockroach (D:1)
  8 hobgoblins
  7 jackals
  2 quokkas
  A ball python (D:1)
  7 bats
  A giant gecko skeleton (D:3)
  17 giant newts
  7 goblins
  13 kobolds
  11 rats
92 creatures vanquished.

Notes
Turn   | Place    | Note
--------------------------------------------------------------
     0 | D:1      | MDvedh the Minotaur Berserker began the quest for the Orb.
     0 | D:1      | Reached XP level 1. HP: 19/19 MP: 0/0
   158 | D:1      | Reached skill level 4 in Axes
   311 | D:1      | Reached XP level 2. HP: 21/26 MP: 1/1
   816 | D:1      | Reached ** piety under Trog
  1074 | D:2      | Reached skill level 5 in Axes
  1074 | D:2      | Reached XP level 3. HP: 13/31 MP: 2/2
  1409 | D:2      | Reached skill level 1 in Stealth
  1414 | D:2      | Reached XP level 4. HP: 21/39 MP: 3/3
  1722 | D:2      | Noticed Crazy Yiuf
  1727 | D:2      | Killed Crazy Yiuf
  1727 | D:2      | Reached skill level 6 in Axes
  1794 | D:2      | Found a shimmering altar of Xom.
  1858 | D:2      | Reached *** piety under Trog
  1984 | D:2      | Found a deep blue altar of Sif Muna.
  2063 | D:3      | Found a shadowy altar of Dithmenos.
  2103 | D:3      | Found a shadowy altar of Dithmenos.
  2402 | D:3      | Reached XP level 5. HP: 45/45 MP: 4/4
  2912 | D:4      | Found a sacrificial altar of Ru.
  2916 | D:4      | Reached skill level 7 in Axes
  2951 | D:4      | Noticed Sigmund
  2976 | D:4      | HP: 1/45 [something (8)]
  2977 | D:4      | Killed from afar by Sigmund

Action                   |  1- 3 |  4- 6 || total
-------------------------+-------+-------++-------
Melee: Hand axe          |    80 |    92 ||   172
Invok: Berserk           |     1 |     2 ||     3
       Trog's Hand       |     1 |       ||     1
  Use: Scroll            |     2 |     2 ||     4
 Stab: Sleeping          |     1 |       ||     1
  Eat: Bread ration      |     1 |       ||     1
       Chunk             |       |     3 ||     3
       Royal jelly       |       |     1 ||     1
